Map: Frost LE

Players

PlatinOnEU

  • Race: Zerg Zerg
  • League: Master

llllllllllll - Winner!

  • Race: Protoss Protoss
  • League: Diamond

VOD

Have the link to the VOD?

Description

Time

  • Played on: Aug. 14, 2016, 2:57 p.m.
  • Length: 16:40
Show
View Real Time Build Order
Export as new Build Order

PlatinOnEU Zerg 

Build Orders: Hatch First 

Get SALT Encoding   

  12  0:01  Drone  
  13  0:13  Overlord  
  13  0:17  Drone  
  14  0:35  Drone x2  
  16  0:37  Drone  
  17  0:54  Hatchery  
  17  0:57  Drone  
  17  1:01  Extractor  
  16  1:14  Spawning Pool  
  16  1:16  Drone  
  16  1:20  Drone  
  16  1:22  Drone  
  18  1:31  Overlord  
  18  1:40  Overlord  
  18  2:02  Zergling x4  
  18  2:07  Metabolic Boost  
  20  2:12  Queen  
  20  2:14  Queen  
  26  2:22  Drone x2  
  26  2:27  Drone  
  27  2:30  Drone  
  28  2:38  Drone  
  28  2:39  Drone x2  
  31  2:48  Drone  
  32  3:03  Hatchery  
  31  3:07  Evolution Chamber  
  31  3:09  Drone x2  
  31  3:10  Drone  
  33  3:17  Queen  
  33  3:34  Zerg Melee Weapons Level 1  
  33  3:36  Drone x3  
  36  3:44  Drone  
  36  3:45  Drone x5  
  42  3:53  Overlord  
  42  3:56  Overlord  
  42  4:01  Spore Crawler  
  41  4:05  Spore Crawler  
  41  4:06  Overlord  
  41  4:07  Overlord  
  40  4:22  Zergling x12  
  46  4:27  Zergling x10  
  46  4:31  Baneling Nest  
  50  4:38  Zergling x10  
  55  4:53  Zergling x2  
  55  4:54  Zergling x6  
  59  5:04  Zergling x16  
  67  5:12  Spine Crawler  
  66  5:17  Drone x3  
  66  5:18  Queen  
  71  5:23  Baneling  
  71  5:24  Baneling x10  
  70  5:38  Zergling x2  
  70  5:39  Zergling x4  
  70  5:41  Overlord x3  
  61  6:04  Zergling x2  
  61  6:05  Zergling x16  
  65  6:21  Spore Crawler  
  65  6:23  Spore Crawler  
  65  6:25  Spore Crawler  
  57  6:29  Drone x4  
  57  6:30  Drone x5  
  57  6:32  Spore Crawler  
  62  6:36  Spore Crawler  
  62  6:39  Zergling x2  
  63  6:40  Zergling x2  
  63  6:42  Zerg Ground Armor Level 1  
  63  6:45  Extractor  
  62  6:48  Drone x2  
  62  6:49  Extractor  
  62  6:50  Extractor  
  62  7:04  Lair  
  62  7:05  Drone x3  
  62  7:07  Drone x4  
  69  7:16  Evolution Chamber  
  69  7:18  Zergling x12  
  74  7:48  Queen  
  74  7:49  Drone  
  74  7:50  Drone x2, Extractor  
  80  7:51  Extractor  
  72  8:11  Spore Crawler  
  72  8:12  Spore Crawler  
  63  8:13  Spore Crawler  
  63  8:14  Spore Crawler  
  63  8:15  Spore Crawler  
  55  8:37  Queen  
  55  8:40  Drone x4  
  55  8:58  Hydralisk Den  
  55  9:00  Overlord x2  
  55  9:01  Overlord  
  54  9:08  Hatchery  
  53  9:11  Zerg Missile Weapons Level 1  
  53  9:26  Hydralisk  
  53  9:27  Hydralisk x9  
  73  9:32  Muscular Augments  
  72  9:42  Drone x3  
  72  9:43  Drone  
  75  10:00  Hydralisk  
  75  10:01  Hydralisk x2  
  81  10:21  Hydralisk x4  
  89  10:30  Drone  
  70  11:06  Hydralisk  
  70  11:07  Hydralisk x8  
  79  11:22  Drone x6  
  85  11:37  Infestation Pit  
  85  11:39  Hydralisk  
  84  11:40  Hydralisk x2  
  90  11:52  Hydralisk x2  
  94  12:04  Hydralisk x3  
  99  12:18  Pathogen Glands  
  93  12:41  Hydralisk x9  
  111  12:46  Drone x2  
  113  13:04  Overseer  
  113  13:29  Infestor  
  115  13:38  Overlord x3  
  115  13:41  Hatchery  
  114  13:43  Overlord  
  114  13:44  Overlord x2  
  114  14:08  Infestor x4  
  114  14:09  Infestor  
  124  14:32  Hatchery  
  123  14:39  Hydralisk x5  
  133  14:56  Hydralisk x3  
  139  15:18  Hydralisk x5  
  147  15:39  Overseer x2  
Show
View Real Time Build Order
Export as new Build Order

llllllllllll Protoss - Winner!

Build Orders: 1 Gate Expand 

Get SALT Encoding   

  12  0:01  Probe (Chrono Boost)  
  13  0:12  Probe (Chrono Boost)  
  14  0:22  Probe (Chrono Boost)  
  15  0:28  Pylon  
  15  0:47  Probe (Chrono Boost)  
  15  0:49  Gateway  
  16  0:56  Assimilator  
  16  0:57  Probe (Chrono Boost)  
  16  1:00  Assimilator  
  17  1:08  Probe (Chrono Boost)  
  19  1:18  Probe (Chrono Boost)  
  19  1:29  Probe (Chrono Boost)  
  20  1:39  Nexus  
  20  1:52  Cybernetics Core  
  20  2:04  Pylon  
  21  2:08  Probe (Chrono Boost)  
  21  2:18  Zealot  
  21  2:22  Probe (Chrono Boost)  
  24  2:33  Probe (Chrono Boost)  
  25  2:44  Mothership Core (Chrono Boost)  
  27  2:51  Stalker  
  29  3:06  Probe (Chrono Boost)  
  29  3:08  Probe (Chrono Boost)  
  29  3:16  Probe (Chrono Boost)  
  29  3:17  Assimilator  
  29  3:19  Probe (Chrono Boost)  
  31  3:20  Assimilator  
  32  3:27  Probe (Chrono Boost)  
  32  3:29  Probe (Chrono Boost)  
  33  3:35  Pylon  
  33  3:37  Probe (Chrono Boost)  
  33  3:40  Probe (Chrono Boost)  
  35  3:48  Probe (Chrono Boost)  
  36  3:55  Probe (Chrono Boost)  
  37  3:58  Probe (Chrono Boost)  
  38  4:06  Pylon, Probe (Chrono Boost)  
  38  4:09  Probe (Chrono Boost)  
  40  4:11  Forge  
  40  4:14  Stargate  
  40  4:16  Stargate  
  40  4:18  Stargate  
  40  4:21  Probe (Chrono Boost)  
  40  4:23  Probe (Chrono Boost)  
  42  4:32  Pylon, Probe (Chrono Boost)  
  42  4:34  Probe (Chrono Boost)  
  44  4:42  Probe (Chrono Boost)  
  44  4:44  Photon Cannon  
  45  4:47  Photon Cannon  
  45  4:56  Oracle  
  45  4:57  Oracle  
  48  5:00  Oracle  
  54  5:09  Pylon  
  54  5:15  Photon Cannon  
  54  5:19  Probe x2 (Chrono Boost)  
  56  5:27  Oracle  
  56  5:31  Probe (Chrono Boost)  
  56  5:33  Oracle  
  63  5:40  Photon Cannon  
  63  5:41  Oracle  
  61  6:15  Oracle  
  61  6:20  Oracle  
  67  6:29  Photon Cannon  
  67  6:36  Pylon  
  67  6:45  Pylon  
  67  6:49  Oracle  
  67  6:53  Photon Cannon  
  67  6:57  Photon Cannon  
  70  7:01  Nexus  
  70  7:10  Photon Cannon  
  70  7:11  Photon Cannon  
  70  7:13  Pylon, Photon Cannon  
  70  7:22  Void Ray  
  70  7:25  Void Ray  
  70  7:28  Void Ray  
  81  7:49  Pylon  
  81  7:59  Void Ray  
  79  8:13  Void Ray  
  83  8:48  Void Ray x2  
  77  8:55  Probe (Chrono Boost)  
  86  9:02  Pylon  
  86  9:04  Pylon  
  86  9:05  Photon Cannon x2  
  86  9:06  Probe (Chrono Boost)  
  86  9:07  Photon Cannon  
  87  9:10  Photon Cannon  
  87  9:13  Assimilator  
  87  9:16  Probe (Chrono Boost)  
  88  9:19  Assimilator  
  88  9:34  Void Ray  
  88  9:36  Nexus  
  92  9:48  Void Ray  
  96  9:55  Pylon, Void Ray  
  96  9:58  Pylon  
  100  10:12  Stargate  
  100  10:14  Pylon  
  100  10:27  Void Ray  
  90  11:05  Void Ray x2  
  90  11:11  Void Ray  
  95  11:25  Probe (Chrono Boost)  
  96  11:26  Probe (Chrono Boost)  
  97  11:34  Pylon, Robotics Facility  
  97  11:35  Probe (Chrono Boost)  
  97  11:36  Robotics Facility, Pylon  
  97  11:37  Probe (Chrono Boost)  
  97  11:38  Pylon x2  
  99  11:46  Probe (Chrono Boost)  
  100  11:57  Photon Cannon  
  100  11:58  Photon Cannon  
  100  12:00  Photon Cannon x2  
  100  12:01  Photon Cannon  
  100  12:04  Photon Cannon, Probe x2 (Chrono Boost)  
  103  12:16  Probe (Chrono Boost)  
  103  12:47  Robotics Bay  
  103  12:49  Robotics Facility, Pylon  
  103  13:12  Pylon  
  103  13:16  Pylon  
  95  13:34  Extended Thermal Lance  
  95  13:35  Colossus x3  
  113  13:51  Probe (Chrono Boost)  
  113  13:54  Probe x2 (Chrono Boost)  
  116  14:02  Probe (Chrono Boost)  
  117  14:06  Probe x2 (Chrono Boost)  
  119  14:12  Probe (Chrono Boost)  
  119  14:16  Probe (Chrono Boost)  
  123  14:18  Probe x2 (Chrono Boost)  
  123  14:23  Probe (Chrono Boost)  
  124  14:27  Probe (Chrono Boost)  
  124  14:28  Colossus  
  124  14:29  Colossus  
  124  14:30  Probe (Chrono Boost)  
  124  14:31  Probe (Chrono Boost)  
  145  14:33  Probe (Chrono Boost)  
  145  14:37  Colossus, Probe (Chrono Boost)  
  147  14:39  Void Ray x2  
  147  14:43  Probe (Chrono Boost)  
  147  14:44  Probe (Chrono Boost)  
  147  14:45  Void Ray  
  161  14:54  Assimilator  
  161  14:56  Assimilator  
  161  14:58  Probe (Chrono Boost)  
  163  15:00  Probe (Chrono Boost)  
  163  15:08  Void Ray  
  163  15:09  Probe (Chrono Boost)  
  163  15:10  Probe (Chrono Boost)  
  169  15:16  Void Ray  
  169  15:19  Probe (Chrono Boost)  
  169  15:21  Probe (Chrono Boost)  
  175  15:30  Probe (Chrono Boost)  
Tags
 
Add a new tag
Caveats
  • Supply blocks, unpowered buildings, or Contaminate may cause inaccurate times.
  • Supply counts are checked every 10 seconds.